 Dungeon Crawl Stone Soup version 0.26.1-2-gb8aa6d0cf2 (webtiles) character file.

Game seed: 7834749794020113403

3245 Exporg the Chopper (level 9, -9/69 HPs)
             Began as a Demonspawn Chaos Knight on Mar 11, 2021.
             Was a Plaything of Xom.
             Mangled by Erolcha
             ... wielding a +0 giant club
              (16 damage)
             ... on level 8 of the Dungeon on Mar 13, 2021.
             The game lasted 00:15:45 (8049 turns).

Exporg the Chopper (Demonspawn Chaos Knight)        Turns: 8049, Time: 00:15:45

Health: -9/69      AC: 10    Str: 14    XL:     9   Next: 67%
Magic:  8/8        EV: 20    Int: 18    God:    Xom [.....*]
Gold:   462        SH:  0    Dex: 14    Spells: 8/8 levels left

rFire    . . .     SeeInvis .   q - +3 spear
rCold    . . .     Faith    .   (no shield)
rNeg     . . .     Spirit   .   b - +2 leather armour
rPois    .         Reflect  .   (helmet restricted)
rElec    +         Harm     .   F - +0 cloak
rCorr    .         Rampage  .   f - +1 pair of gloves
Will     .....     Clarity  +   u - +0 pair of boots
Stlth    +.........             t - amulet of the acrobat
HPRegen  0.21/turn              A - +6 ring of intelligence
MPRegen  0.11/turn              (no ring)

@: agile, slowed, very slow
A: hooves 1, horns 1, clarity, deformed body, demonic guardian 1, dopey 1, low
mp 1, powered by pain 2, shaggy fur 1, electricity resistance, sharp scales 1
a: Renounce Religion


You were on level 8 of the Dungeon.
You worshipped Xom.
You were Xom's teddy bear.
You visited 1 branch of the dungeon, and saw 9 of its levels.

You collected 462 gold pieces.

Inventory:

Hand Weapons
 a - a +0 hand axe of chaos
 q - a +3 spear (weapon)
 G - a +2 great sword
 H - a -2 quarterstaff
Missiles
 l - 74 bolts
Armour
 b - a +2 leather armour (worn)
 c - a +0 chain mail
 f - a +1 pair of gloves (worn)
 u - a +0 pair of boots (worn)
 y - the +1 scale mail "Yrajoxa" {*Slow rF++}
   (You found it on level 4 of the Dungeon)

   It greatly protects you from fire.
   It may slow you when you take damage.
 F - a +0 cloak (worn)
 L - a +0 leather armour
Magical Staves
 z - an uncursed staff of fire {unknown}
Jewellery
 t - an amulet of the acrobat (around neck)
 A - a +6 ring of intelligence (left hand)
 J - a cursed ring of attention {unknown}
Wands
 v - a wand of iceblast (6)
 w - a wand of disintegration (6)
 C - a wand of flame (22)
 D - a wand of random effects (16)
 E - a wand of paralysis (5)
Scrolls
 d - 2 scrolls of fear {unknown}
 e - 11 scrolls of identify
 g - 2 scrolls of random uselessness {unknown}
 h - 7 scrolls of teleportation
 i - a scroll of remove curse
 j - 3 scrolls of enchant weapon {unknown}
 k - a scroll of fog {unknown}
 n - 4 scrolls of amnesia
 r - 2 scrolls of magic mapping {unknown}
 B - a scroll of enchant armour {unknown}
 I - a scroll of brand weapon {unknown}
 K - a scroll of noise {unknown}
Potions
 m - 2 potions of haste {unknown}
 o - a potion of ambrosia {unknown}
 p - a potion of magic {unknown}
 s - a potion of degeneration {unknown}
 x - 3 potions of curing


   Skills:
 + Level 6.3 Fighting
 + Level 7.7(8.4) Axes
 + Level 4.7(6.9) Polearms
 + Level 4.4 Armour
 + Level 5.6 Dodging
 - Level 1.0 Stealth
 + Level 1.6 Evocations


You had 8 spell levels left.
You didn't know any spells.
Your spell library contained the following spells:

 Spells                   Type           Power        Failure   Level
 Magic Dart               Conj           0%           26%         1
 Blink                    Tloc           N/A          38%         2
 Call Imp                 Summ           0%           38%         2
 Slow                     Hex            0%           38%         2
 Confusing Touch          Hex            0%           63%         3
 Conjure Flame            Conj/Fire      0%           63%         3
 Gell's Gravitas          Tloc           0%           63%         3
 Mephitic Cloud           Conj/Pois/Air  0%           63%         3
 Petrify                  Tmut/Erth      0%           95%         4
 Metabolic Englaciation   Hex/Ice        0%           100%        5
 Yara's Violent Unravell  Hex/Tmut       0%           100%        5


Dungeon Overview and Level Annotations

Branches:
Dungeon (9/15)             Temple (0/1) D:4
   Lair: D:8-11         Orc: D:9-12

Altars:
Makhleb
Nemelex Xobeh
Okawaru
Qazlal
Ru
Uskayaw
Xom
Yredelemnul

Annotations:
D:3 Quickbrownfox's ghost, weakling DsFE
D:7 1 runed translucent door, Cykl0x's ghost, novice MiFi
D:8 Erolcha
D:9 Psyche


Innate Abilities, Weirdness & Mutations

You have a pair of small horns on your head.
A weak demonic guardian rushes to your aid.
You sometimes gain power by taking damage.
You are partially covered in razor-sharp scales. (AC +1, Slay +1)
You have large cloven feet.
You possess an exceptional clarity of mind.
Armour fits poorly on your strangely shaped body.
You are dopey. (Int -2)
Your magical capacity is low. (-10% MP)
You are covered in fur. (AC +1)
You are resistant to electric shocks. (rElec)


Message History

It was a potion of curing.
You feel better.
Xom is highly amused!
Erolcha hits you with a +0 giant club!!
You focus on the pain.
You feel more agile all of a sudden.
You hit Erolcha. You headbutt Erolcha, but do no damage.
Erolcha is severely wounded.
Erolcha completely misses you. Erolcha gestures at you while chanting.
The bolt of cold misses you.
You hit Erolcha.
Erolcha is severely wounded.
Erolcha hits you with a +0 giant club!!
* * * LOW HITPOINT WARNING * * *
You focus on the pain.
You feel more agile all of a sudden.
You hit Erolcha but do no damage.
Erolcha is severely wounded.
Erolcha hits you with a +0 giant club!
You die...
Xom howls with laughter!

.....#######...........#.#..###..
..#.#....................#...##..
#..................(...#####.....
#.#.#........(...........#...##..
#.#.######.#.....>..##.#.#.......
....# #.#...#.......#....##.##
....# #.#.<.#5#######....##.#
....# #.#...#O# #..####.# #..##
#.#...#@# #..####.#
#..#######....[55# #.......#
................##### ##.######
#..###.)##.#........# #...#####
...##...........###.# #.#.....##
#.##................# #...##.#..
#........#.#.#..#.#.##########.##
#..#)...................<.# ###
#.............#.###..#.##.#


You could see Erolcha (fast), an ufetubus, a friendly white imp (summoned) and a
friendly ufetubus (summoned).

Vanquished Creatures
  A two-headed ogre (D:8)
  Prince Ribbit (D:6)
  Menkaure (D:4)
  A sky beast (D:8)
  A necrophage (D:5)
  2 ogres (D:6)
  2 centaurs (D:8)
  7 bullfrogs
  2 scorpions
  6 killer bees
  6 wights (D:6)
  2 howler monkeys
  A bullfrog zombie (D:5)
  A quasit (D:8)
  A bullfrog skeleton (D:8)
  3 hounds
  A jelly (D:8)
  2 centaur skeletons
  3 orc wizards (D:4)
  5 worker ants
  A hound skeleton (D:4)
  8 adders
  6 gnolls
  A river rat (D:2)
  5 shadow imps
  2 white imps
  3 ufetubi
  An ooze (D:1)
  2 worms
  5 dart slugs
  6 leopard geckos
  11 orcs
  5 giant cockroaches
  3 goblins (D:1)
  4 hobgoblins (D:1)
  15 jackals
  4 quokkas
  3 ball pythons
  4 bats
  4 frilled lizards
  A jackal skeleton (D:7)
  10 kobolds
  A quokka skeleton (D:6)
  6 rats
160 creatures vanquished.

Vanquished Creatures (collateral kills)
  A sky beast (D:8)
  A wyvern skeleton (D:6)
  2 wights (D:6)
  A howler monkey (D:9)
  A jelly (D:5)
  An orc priest (D:5)
  A centaur skeleton (D:7)
  An iguana (D:5)
  A gnoll (D:5)
  A white imp (D:5)
  A frilled lizard (D:4)
12 creatures vanquished.

Grand Total: 172 creatures vanquished

Notes
Turn   | Place    | Note
-------+----------+-------------------------------------------
     0 | D:1      | Exporg the Demonspawn Chaos Knight began the quest for the
                  | Orb.
     0 | D:1      | Reached XP level 1. HP: 18/18 MP: 1/1
    51 | D:1      | Reached skill level 3 in Axes
   343 | D:1      | XOM: divination: detect items
   386 | D:1      | XOM: divination: magic mapping
   388 | D:1      | Reached skill level 1 in Dodging
   388 | D:1      | Gained mutation: You have a pair of small horns on your
                  | head. [demonic ancestry]
   388 | D:1      | Reached XP level 2. HP: 24/24 MP: 2/2
   657 | D:1      | XOM: noise
   793 | D:1      | Reached XP level 3. HP: 25/29 MP: 3/3
   825 | D:1      | XOM: silly message
  1276 | D:2      | XOM: potion effect (heal wounds)
  1284 | D:1      | Gained mutation: You are partially covered in razor-sharp
                  | scales. (AC +1, Slay +1) [demonic ancestry]
  1284 | D:1      | Reached XP level 4. HP: 27/35 MP: 4/4
  1388 | D:2      | Reached skill level 4 in Axes
  1729 | D:2      | Found a burning altar of Makhleb.
  1729 | D:2      | Found a hide-covered altar of Uskayaw.
  1730 | D:2      | Found a sacrificial altar of Ru.
  1827 | D:2      | XOM: potion effect (haste)
  1950 | D:3      | Found a runed translucent door.
  1950 | D:3      | Found a sparkling altar of Nemelex Xobeh.
  1950 | D:3      | XOM: 8-stop teleportation journey
  1976 | D:3      | XOM: noise
  2047 | D:3      | Reached XP level 5. HP: 40/41 MP: 5/5
  2407 | D:3      | Found a faded altar of an unknown god.
  2540 | D:3      | XOM: god gift: wand of iceblast (6)
  2650 | D:3      | Noticed Quickbrownfox's ghost (weakling DsFE)
  2690 | D:4      | Reached skill level 1 in Stealth
  2718 | D:4      | Found a shimmering altar of Xom.
  2718 | D:4      | Found a shimmering altar of Xom.
  2718 | D:4      | Found a shimmering altar of Xom.
  2718 | D:4      | XOM: give mutations
  2718 | D:4      | Gained mutation: You possess an exceptional clarity of
                  | mind. [Xom's grace]
  2718 | D:4      | Gained mutation: You are robust. (+10% HP) [Xom's grace]
  2737 | D:4      | XOM: silly message
  2738 | D:4      | Found a shimmering altar of Xom.
  2805 | D:4      | Noticed Menkaure
  2815 | D:4      | Killed Menkaure
  2816 | D:4      | Gained mutation: A weak demonic guardian rushes to your
                  | aid. [demonic ancestry]
  2816 | D:4      | Reached XP level 6. HP: 19/52 MP: 6/6
  2830 | D:4      | XOM: divination: magic mapping
  3011 | D:4      | Found a staircase to the Ecumenical Temple.
  3243 | D:4      | Reached skill level 5 in Axes
  3251 | D:4      | Got a glimmering scale mail
  3262 | D:4      | Identified the cursed +1 scale mail "Yrajoxa" {*Slow rF++}
                  | (You found it on level 4 of the Dungeon)
  3499 | D:4      | XOM: silly message
  3613 | D:4      | Found an iron altar of Okawaru.
  3638 | D:5      | Entered Level 5 of the Dungeon
  3754 | D:5      | XOM: summons friendly crimson imp
  3767 | D:5      | Reached XP level 7. HP: 52/59 MP: 7/7
  3997 | D:5      | XOM: summons friendly shadow imp
  4006 | D:5      | XOM: 1-stop teleportation journey
  4159 | D:5      | XOM: polymorph shadow imp -> white imp
  4434 | D:6      | Reached skill level 6 in Axes
  4483 | D:6      | XOM: god gift: 38 gold pieces
  4615 | D:6      | Noticed Prince Ribbit
  4623 | D:6      | Lost mutation: You possess an exceptional clarity of mind.
                  | [potion of mutation]
  4623 | D:6      | Lost mutation: You are robust. (+10% HP) [potion of
                  | mutation]
  4623 | D:6      | Gained mutation: You are weak. (Str -2) [potion of
                  | mutation]
  4623 | D:6      | Gained mutation: You possess an exceptional clarity of
                  | mind. [potion of mutation]
  4623 | D:6      | XOM: confuse monster(s)
  4644 | D:6      | Gained mutation: You sometimes gain a little power by
                  | taking damage. [demonic ancestry]
  4644 | D:6      | Reached XP level 8. HP: 37/57 MP: 8/8
  4660 | D:6      | Lost mutation: You are weak. (Str -2) [potion of mutation]
  4660 | D:6      | Lost mutation: You possess an exceptional clarity of mind.
                  | [potion of mutation]
  4660 | D:6      | Gained mutation: Your magical capacity is low. (-10% MP)
                  | [potion of mutation]
  4660 | D:6      | Gained mutation: Your muscles are strong. (Str +2) [potion
                  | of mutation]
  4660 | D:6      | Gained mutation: You possess an exceptional clarity of
                  | mind. [potion of mutation]
  4770 | D:6      | XOM: 2-stop teleportation journey
  4834 | D:6      | XOM: butterfly on damage
  4840 | D:6      | XOM: summons 3 friendly demons
  4840 | D:6      | Killed Prince Ribbit
  5131 | D:6      | XOM: butterfly on damage
  5134 | D:6      | Reached skill level 5 in Fighting
  5134 | D:6      | Reached skill level 7 in Axes
  5563 | D:6      | XOM: polymorph white imp -> crimson imp
  5630 | D:6      | XOM: enchant monster (good)
  5978 | D:6      | Found a stormy altar of Qazlal.
  5979 | D:6      | Found a basalt altar of Yredelemnul.
  6160 | D:7      | XOM: chaos cloud
  6163 | D:7      | Paralysed by you for 4 turns
  6361 | D:7      | Found a runed translucent door.
  6361 | D:7      | Noticed Cykl0x's ghost (novice MiFi)
  6493 | D:7      | Reached skill level 1 in Polearms
  6611 | D:7      | XOM: give mutations
  6611 | D:7      | Gained mutation: Armour fits poorly on your strangely
                  | shaped body. [Xom's mischief]
  6611 | D:7      | Gained mutation: Your body sometimes deteriorates upon
                  | taking damage. [Xom's mischief]
  6654 | D:8      | XOM: 2-stop teleportation journey
  6674 | D:8      | XOM: 1-stop teleportation journey
  6680 | D:8      | Reached skill level 1 in Evocations
  6690 | D:8      | Gained mutation: You sometimes gain power by taking damage.
                  | [demonic ancestry]
  6690 | D:8      | Reached XP level 9. HP: 68/69 MP: 8/8
  6703 | D:8      | XOM: give mutations
  6703 | D:8      | Lost mutation: Your body sometimes deteriorates upon taking
                  | damage. [Xom's mischief]
  6703 | D:8      | Gained mutation: You have large cloven feet. [Xom's
                  | mischief]
  6703 | D:8      | Gained mutation: You are robust. (+10% HP) [Xom's mischief]
  6703 | D:8      | Gained mutation: You are clumsy. (Dex -2) [Xom's mischief]
  6762 | D:8      | Lost mutation: You are robust. (+10% HP) [potion of
                  | mutation]
  6762 | D:8      | Lost mutation: Your muscles are strong. (Str +2) [potion of
                  | mutation]
  6762 | D:8      | Lost mutation: You are clumsy. (Dex -2) [potion of
                  | mutation]
  6762 | D:8      | Gained mutation: You are covered in fur. (AC +1) [potion of
                  | mutation]
  6762 | D:8      | Gained mutation: You are dopey. (Int -2) [potion of
                  | mutation]
  6762 | D:8      | Gained mutation: You are resistant to electric shocks.
                  | (rElec) [potion of mutation]
  6857 | D:8      | Noticed a two-headed ogre
  6886 | D:8      | Killed a two-headed ogre
  6887 | D:8      | Reached skill level 5 in Dodging
  7023 | D:8      | XOM: divination: magic mapping
  7596 | D:9      | Noticed a troll
  7648 | D:7      | XOM: cast spell 'Chain of Chaos'
  7714 | D:7      | XOM: scenery: create altars
  7897 | D:7      | XOM: scenery: summon butterflies
  8021 | D:9      | Noticed Erolcha
  8022 | D:9      | XOM: enchant monster (good)
  8026 | D:9      | Noticed Psyche
  8049 | D:8      | Mangled by Erolcha

Illustrated notes

Levels and vault maps discovered:
D:1:      tarquinn_simple_flora_water_c, layout_basic
D:2:      layout_basic, chequers_temple_overflow_statue_of_worship,
          minmay_pentomino_r4
D:3:      layout_loops_ring, nemelex_xobeh_ov_fountains_minmay,
          chequers_ecumenical_altar_grove, ebering_ghost_reflecting_pool
D:4:      layout_loops_ring, xom_redecorated, nicolae_overflow_hidden_temple,
          minmay_temple_entry_metal_lava, uniq_menkaure
D:5:      layout_rooms
D:6:      layout_basic, gammafunk_temple_overflow_statue, minmay_fountain_box,
          uniq_prince_ribbit1
D:7:      layout_cave_pools, hellmonk_ghost_happy_afterlife,
          minmay_misc_feat_pillars, nrook_mini_backslash,
          minmay_misc_feat_diagonals, corner_web_ring
D:8:      layout_loops_cross
D:9:      layout_long_grid, serial_shops, shop_fountains, uniq_psyche,
          uniq_erolcha, uniq_joseph

Skill      XL: |  1  2  3  4  5  6  7  8  9 |
---------------+----------------------------+-----
Axes           | 3 4 5 6 7 |  7.7
Dodging        | 1 2 3 4 5 |  5.6
Armour         | 2 3 4 |  4.4
Stealth        | 1 |  1.0
Fighting       | 4 5 6 |  6.3
Polearms       | 1 4 |  4.7
Evocations     | 1 |  1.6

Action                   |  1- 3 |  4- 6 |  7- 9 || total
-------------------------+-------+-------+-------++-------
Melee: Hand axe          |   112 |   134 |   145 ||   391
       Headbutt          |    12 |    19 |    64 ||    95
       Spear             |       |       |   220 ||   220
Evoke: Wand              |       |       |     8 ||     8
  Use: Scroll            |       |     4 |     2 ||     6
       Potion            |       |       |     6 ||     6
 Stab: Petrifying        |     1 |       |       ||     1
       Sleeping          |       |     5 |     4 ||     9
       Paralysed         |       |     4 |     6 ||    10
       Confused          |       |       |     2 ||     2
       Distracted        |       |       |     3 ||     3
Armor: Leather armour    |    37 |    44 |   102 ||   183
Dodge: Dodged            |    79 |    81 |   269 ||   429
